 Dungeon Crawl Stone Soup version 0.30-a0-585-g93115170b9 (webtiles) character file.

Game seed: 14797728804449813868

3213 spardeous the Nimble (level 9, -9/34 HPs)
             Began as a Felid Earth Elementalist on Jan 2, 2023.
             Was an Initiate of Gozag.
             Mangled by a blink frog (18 damage)
             ... on level 1 of the Lair of Beasts.
             The game lasted 00:24:36 (12115 turns).

spardeous the Nimble (Felid Earth Elementalist)    Turns: 12115, Time: 00:24:37

Health: -9/34      AC:  2    Str:  4    XL:     9   Next: 65%
Magic:  11/13      EV: 26    Int: 20    God:    Gozag
Gold:   1739       SH:  0    Dex: 18    Spells: 4/12 levels left
                                        Lives:  0   Deaths: 2

rFire   . . .      SeeInvis +      - Unarmed
rCold   . . .      Faith    .    (shield unavailable)
rNeg    . . .      Spirit   .    (body armour unavailable)
rPois   .          Reflect  .    (helmet unavailable)
rElec   .          Harm     .    (cloak unavailable)
rCorr   .          Rampage  .    (gloves unavailable)
Will    +....                    (boots unavailable)
Stlth   ++++                     x - amulet of the acrobat
HPRegen 0.25/turn                j - ring of wizardry
MPRegen 0.13/turn                (no ring)

@: quick
A: very small, claws 1, fangs 3, see invisible, speed 1, shaggy fur 2, stealthy
paws, no weapons or thrown items, no armour, multi-lived
a: Renounce Religion, Potion Petition, Call Merchant, Bribe Branch


You were on level 1 of the Lair of Beasts.
You worshipped Gozag.
Gozag was most pleased with you.
You visited 3 branches of the dungeon, and saw 12 of its levels.

You collected 1831 gold pieces.
You paid 92 gold pieces to Gozag.

Inventory:

Jewellery
 j - a ring of wizardry (left paw)
 x - an amulet of the acrobat (around neck)
Wands
 o - a wand of charming (20)
 w - a wand of flame (19)
 z - a wand of roots (5)
Scrolls
 b - a scroll of enchant armour {unknown}
 d - 2 scrolls of amnesia {unknown}
 i - 6 scrolls of noise {unknown}
 k - 4 scrolls of teleportation
 l - 5 scrolls of identify {unknown}
 q - 2 scrolls of poison {unknown}
 r - a scroll of enchant weapon {unknown}
 s - 2 scrolls of immolation {unknown}
 t - a scroll of summoning {unknown}
 u - a scroll of fear {unknown}
 v - a scroll of brand weapon {unknown}
 y - a scroll of vulnerability {unknown}
Potions
 a - a potion of magic
 c - 2 potions of flight {unknown}
 e - 2 potions of brilliance {unknown}
 f - 4 potions of curing
 g - a potion of mutation {unknown}
 h - 3 potions of attraction {unknown}
 m - 3 potions of heal wounds {unknown}
 n - 2 potions of degeneration {unknown}
 p - 2 potions of haste {unknown}


   Skills:
 - Level 12.0 Dodging
 + Level 7.6 Stealth
 - Level 5.2 Unarmed Combat
 - Level 2.0 Spellcasting
 - Level 6.0 Conjurations
 - Level 1.1 Transmutations
 - Level 12.0 Earth Magic


You had 4 spell levels left.
You knew the following spells:

 Your Spells              Type           Power      Damage    Failure   Level
a - Sandblast             Erth           100%       2d20      1%          1
b - Stone Arrow           Conj/Erth      76%        3d11      1%          3
c - Petrify               Tmut/Erth      28%        N/A       4%          4

Your spell library contained the following spells:

 Spells                   Type           Power      Damage    Failure   Level
 Passwall                 Tmut/Erth      23%        N/A       1%          2
 Sting                    Tmut/Pois      16%        1d3       5%          1
 Necrotise                Necr           8%         1d4       6%          1
 Mephitic Cloud           Conj/Pois/Air  10%        N/A       9%          3
 Cigotuvi's Dreadful Rot  Necr/Pois/Air  4%         N/A       10%         2
 Poisonous Vapours        Pois/Air       4%         N/A       10%         2
 Flame Wave               Conj/Fire      14%        2d6       17%         4
 Vampiric Draining        Necr           2%         2d6       19%         3
 Agony                    Necr           2%         N/A       83%         5


Dungeon Overview and Level Annotations

Branches:
Dungeon (9/15)             Temple (1/1) D:5            Lair (2/5) D:9
  Swamp: Lair:2-3    Shoals: Lair:2-3     Snake: Lair:2-3    Spider: Lair:2-3
    Orc: D:9-12

Altars:
Ashenzari
Cheibriados
Dithmenos
Elyvilon
Fedhas
Gozag
Hepliaklqana
Kikubaaqudgha
Makhleb
Nemelex Xobeh
Okawaru
Qazlal
Ru
Sif Muna
Trog
Uskayaw
Vehumet
Wu Jian
Xom
Yredelemnul
Zin
The Shining One

Shops:
D:2 !(!([

Annotations:
Lair:2 3 runed translucent doors, exclusion: oklob plant, Amaemon; Urubidymn's ghost, journeyman AtAE


Innate Abilities, Weirdness & Mutations

You have sharp claws.
You have razor-sharp teeth.
You have supernaturally acute eyesight. (SInv)
You cover ground quickly. (Speed+)
You are covered in thick fur. (AC +2)
Your paws help you pounce on unaware monsters.
You are incapable of wielding weapons or throwing items.
You cannot wear armour.
You gain extra lives every three experience levels.


Message History

The blink frog completely misses you. The blink frog hits you!
Ouch! That really hurt!
The blink frog blinks!
The blink frog completely misses you.
Casting: Sandblast (safe; 1% risk of failure)
Confirm with . or Enter, or press ? or * to list all spells.
Aiming: Sandblast (safe; 1% risk of failure)
Press: ? - help, Shift-Dir - straight line, f - blink frog
Aim: a blink frog (74% to hit)
The blast of sand misses the blink frog.
The blink frog croaks. x2
You hear the quick crackling of a melting archway nearby.
The blink frog barely misses you.
The blink frog blinks!
The blink frog barely misses you.
Casting: Sandblast (safe; 1% risk of failure)
Confirm with . or Enter, or press ? or * to list all spells.
Aiming: Sandblast (safe; 1% risk of failure)
Press: ? - help, Shift-Dir - straight line, f/p - blink frog
Aim: a blink frog (74% to hit)
The blast of sand hits the blink frog!!
The blink frog is severely wounded.
The blink frog barely misses you. The blink frog hits you!
* * * LOW HITPOINT WARNING * * *
The blink frog misses you. The death yak closely misses you.
The blink frog completely misses you.
The blink frog attacks as you move away!
The blink frog completely misses you.
The blink frog attacks as you move away!
The blink frog misses you. x2
Okay, then.
Okay, then.
You feel better. The blink frog closely misses you. The blink frog hits you.
* * * LOW HITPOINT WARNING * * *
The blink frog closely misses you.
The blink frog attacks as you move away!
The blink frog hits you!!
Ouch! That really hurt!
You die...
Your body crumbles into a pile of gold.

#.##..##.##...###
#Y##..........#.##
##.##.............#
#..##.........[...#
..##...P..........#
.###.....>.#....##.#
..##..........########
.####.........YF.# #..
.###..#.......FF@##...
.....###...##......#..
..........###........#
........>.............#
..##..............#...#
..##..##..............#
...#$#.#..#.....##......
...#$.#...#.....# .##...
#P.#..#.P.........#.


You could see a death yak and 3 blink frogs.

Vanquished Creatures
  A black mamba (Lair:1)
  3 cane toads
  A rime drake (Lair:2)
  4 komodo dragons (Lair:1)
  2 trolls (D:9)
  A hornet (D:7)
  A vampire (D:9)
  A shadow (D:9)
  A wraith (D:9)
  17 yaks
  4 wyverns
  A basilisk (D:9)
  Edmund (D:6)
  6 water moccasins
  The ghost of sirJeffrey23 the Conjurer, an amateur DECj (D:4)
  2 orc warriors
  2 sky beasts (D:7)
  3 ice beasts
  2 ogres
  4 black bears
  2 centaurs
  A wolf (D:9)
  3 kobold brigands
  4 bullfrogs
  A gnoll sergeant (D:9)
  A necrophage (D:7)
  3 scorpions
  15 killer bees (D:9)
  4 howler monkeys
  2 jellies
  6 orc priests
  4 hounds
  2 gnoll boudas (D:8)
  7 iguanas
  5 orc wizards
  14 gnolls
  7 adders
  A shadow imp (D:5)
  3 white imps
  2 worms
  3 dart slugs
  21 orcs
  11 endoplasms
  3 giant cockroaches
  5 goblins
  5 hobgoblins
  6 jackals
  23 kobolds
  2 quokkas (D:1)
  6 ball pythons
  2 bats (D:1)
  3 rats
  A butterfly (D:6)
236 creatures vanquished.

Vanquished Creatures (others)
  8 fungi
  30 plants
38 creatures vanquished.

Grand Total: 274 creatures vanquished

Notes
Turn   | Place    | Note
-------+----------+-------------------------------------------
     0 | D:1      | spardeous the Felid Earth Elementalist began the quest for
                  | the Orb.
     0 | D:1      | Reached XP level 1. HP: 7/7 MP: 4/4
   294 | D:1      | Reached XP level 2. HP: 11/11 MP: 1/6
   772 | D:1      | Found a faded altar of an unknown god.
   911 | D:2      | Reached XP level 3. HP: 14/14 MP: 3/7
   918 | D:2      | Found Ydohik's Distillery.
  1058 | D:2      | Reached XP level 4. HP: 7/18 MP: 1/8
  1134 | D:2      | Found Tiohisab's Armour Emporium.
  1394 | D:2      | Found Etypn's Antique Weapon Emporium.
  1430 | D:2      | Found Ishixty's Distillery.
  1439 | D:2      | Found Zopt's Weapon Emporium.
  2395 | D:3      | Reached XP level 5. HP: 21/21 MP: 2/9
  3429 | D:4      | Reached skill level 5 in Earth Magic
  3437 | D:4      | Noticed an ice beast
  3510 | D:4      | Killed an ice beast
  3511 | D:4      | Reached skill level 5 in Dodging
  3511 | D:4      | Gained mutation: You are covered in thick fur. (AC +2)
                  | [Felid growth]
  3511 | D:4      | Reached XP level 6. HP: 24/24 MP: 7/10
  3653 | D:4      | Got the Discourse on Teratogeny and Bombardment
  3787 | D:4      | Found a large runed translucent door.
  3787 | D:4      | Found a large runed translucent door.
  3789 | D:4      | Noticed sirJeffrey23's ghost (amateur DECj)
  4339 | D:4      | Killed sirJeffrey23's ghost
  4340 | D:4      | Reached XP level 7. HP: 27/27 MP: 7/11
  4464 | D:5      | Entered Level 5 of the Dungeon
  4617 | D:5      | Found a staircase to the Ecumenical Temple.
  4678 | Temple   | Entered the Ecumenical Temple
  4918 | Temple   | Became a worshipper of Gozag Ym Sagoz the Greedy
  4957 | D:5      | Found a white marble altar of Elyvilon.
  5277 | D:5      | Learned a level 3 spell: Stone Arrow
  5282 | D:5      | Learned a level 4 spell: Petrify
  5481 | D:5      | Reached XP level 8. HP: 30/31 MP: 7/12
  5531 | D:5      | You fall into a shaft and drop 1 floor!
  5764 | D:6      | Found a shimmering altar of Xom.
  6124 | D:6      | Found a shadowy altar of Dithmenos.
  6126 | D:6      | Found a sacrificial altar of Ru.
  6126 | D:6      | Found a broken altar of Ashenzari.
  6207 | D:6      | Found a hazy altar of Hepliaklqana.
  6208 | D:6      | Found a faded altar of an unknown god.
  6208 | D:6      | Noticed Edmund
  6428 | D:6      | Killed Edmund
  6501 | D:6      | Found a glowing silver altar of Zin.
  7040 | D:7      | Reached XP level 9. HP: 25/34 MP: 8/13
  8106 | D:8      | Reached skill level 10 in Dodging
  8106 | D:8      | Reached skill level 10 in Earth Magic
  8483 | D:8      | Reached XP level 10. HP: 20/37 MP: 8/14
  8851 | D:8      | Found a sparkling altar of Nemelex Xobeh.
  9100 | D:8      | Found an ornate altar of the Wu Jian Council.
  9767 | D:9      | Found a staircase to the Lair.
  9823 | D:9      | Noticed a +0 dagger
  9823 | D:9      | Noticed a +0 short sword
  9823 | D:9      | Noticed a +0 short sword
  9824 | D:9      | Noticed a +0 falchion
  9825 | D:9      | Noticed a +0 dagger
  9825 | D:9      | Noticed a +0 spear
  9826 | D:9      | Noticed a +0 falchion
  9827 | D:9      | Noticed a +0 spear
  9828 | D:9      | Found a hide-covered altar of Uskayaw.
 10266 | D:9      | Found a shimmering blue altar of Sif Muna.
 10315 | D:9      | Reached skill level 1 in Conjurations
 10672 | D:9      | Reached skill level 5 in Conjurations
 11070 | D:9      | Reached XP level 11. HP: 40/40 MP: 9/15
 11080 | D:9      | Reached skill level 1 in Unarmed Combat
 11458 | Lair:1   | Entered Level 1 of the Lair of Beasts
 11573 | Lair:1   | Reached skill level 5 in Unarmed Combat
 11585 | Lair:1   | Noticed a death yak
 11586 | Lair:1   | Noticed a death yak
 11587 | Lair:1   | Noticed a death yak
 11789 | Lair:1   | You fall into a shaft and drop 1 floor!
 11799 | Lair:2   | Reached skill level 5 in Stealth
 11856 | Lair:2   | Noticed Amaemon
 11870 | Lair:2   | Noticed an oklob plant
 11902 | Lair:2   | Found a runed translucent gate.
 11902 | Lair:2   | Found a runed translucent gate.
 11902 | Lair:2   | Found a runed translucent gate.
 11904 | Lair:2   | Noticed Urubidymn's ghost (journeyman AtAE)
 11943 | Lair:1   | Slain by a blink frog
 11944 | Lair:1   | Reached XP level 10. HP: -1/37 MP: 11/14
 11966 | Lair:1   | Slain by a komodo dragon
 11967 | Lair:1   | Reached XP level 9. HP: -5/34 MP: 11/13
 12023 | Lair:1   | Killed a komodo dragon
 12115 | Lair:1   | Mangled by a blink frog

Illustrated notes

Levels and vault maps discovered:
D:1:      dpeg_arrival_pits, layout_rooms,
          shapermc_ecumenical_altar_mp_vishouse, patterned_corridor
D:2:      layout_basic, serial_shops, shop, shop, nicolae_shop_crystal,
          nicolae_shop_crystal, nicolae_lakefront_shop
D:3:      layout_basic, kennysheep_generic_room_5
D:4:      layout_basic, ebering_ghost_disaster_area
D:5:      layout_loops_ring, old_standard_altar,
          minmay_temple_entry_drinking_statues, amcnicky_mini_pool_small
D:6:      layout_basic, xom_butterflies, minitemple, zin_statuary,
          beargit_hepliaklqana_dungeon_heroes
D:7:      layout_layer_cave
D:8:      layout_loops_ring, nemelex_spade_bored_becter,
          nicolae_wu_jian_immortal_techniques
D:9:      layout_loops_ring, nicolae_uskayaw_en_pointe, led_sif_pool,
          minmay_lair_entry_grove, minmay_misc_feat_x
Temple:   minmay_temple_curvy_loop
Lair:1:   layout_misc_corridors, portal_ice_cave_entry_ice_simulacra
Lair:2:   layout_regular_city, nicolae_shoals_entry_roost,
          nicolae_spider_entry_tight_spaces, ebering_ghost_rock_garden,
          uniq_amaemon

Skill      XL: |  1  2  3  4  5  6  7  8  9 10 11 |
---------------+----------------------------------+-----
Earth Magic    | 3 4 5 6 7 9 11 12 | 12.0
Dodging        | 3 4 5 6 7 9 11 12 | 12.0
Conjurations   | 6 |  6.0
Unarmed Combat | 5 |  5.2
Stealth        | 7 6 |  7.6
Spellcasting   | |  2.0
Transmutations | |  1.1

Action                   |  1- 3 |  4- 6 |  7- 9 | 10-12 || total
-------------------------+-------+-------+-------+-------++-------
Melee: Unarmed           |       |     5 |     1 |     2 ||     8
 Cast: Sandblast         |    41 |   103 |   199 |   190 ||   533
       Stone Arrow       |       |       |       |     8 ||     8
  Use: Scroll            |       |       |     1 |       ||     1
       Potion            |       |       |     1 |       ||     1
Armor: Skin              |     3 |     2 |     1 |     3 ||     9
Dodge: Dodged            |    12 |    22 |    85 |   142 ||   261

Table legend: (Time is in decaauts)
 A = Elapsed time spent in this place.
 B = Non-inter-level travel time spent in this place.
 C = Inter-level travel time spent in this place.
 D = Time resting spent in this place.
 E = Time spent auto-exploring this place.
 F = Levels seen in this place.
 G = Mean time per level.
                   A        B        C        D        E       F      G
               +--------+--------+--------+--------+--------+-----+--------+
         Total |  10755 |  10196 |    559 |    403 |   7226 |  12 |  896.2 |
       Dungeon |   9972 |   9492 |    480 |    403 |   7069 |   9 | 1108.0 |
        Temple |    213 |    163 |     50 |      0 |    157 |   1 |  213.0 |
          Lair |    568 |    540 |     28 |      0 |      0 |   2 |  284.0 |
               +--------+--------+--------+--------+--------+-----+--------+

Top non-repeatable levels by time:
     D:9: 1662 daAuts
     D:8: 1348 daAuts
     D:7: 1307 daAuts
     D:3: 1116 daAuts
     D:4: 1102 daAuts
     D:6: 1024 daAuts
     D:2: 901 daAuts
     D:1: 782 daAuts
     D:5: 727 daAuts
  Lair:1: 442 daAuts
  Temple: 213 daAuts
  Lair:2: 126 daAuts
